General information
- name: BNet
- type: Ladder team game (AT/RT)
- host: Battle.net
- saver: Cugel
map: DragonFalls
- players: 8
- length: 39:36
- speed: Fast
- version: 1.28 W3XP
- replay type: Public
» download(310 KB)
Players
team 1 (winner)

»
ZipHub (
orange | 39 APM | 1306 actions | 33:50)
8 Archmage
3 Summon Water Elemental
3 Brilliance Aura
1 Mass Teleport
1 Blizzard
» actions
| Build / train | 143 | |
| Enter build submenu | 25 | |
| Enter hero's abilities submenu | 9 | |
| Give item / drop item | 2 | |
| Remove unit from queue | 1 | |
| Right click | 655 | |
| Select / deselect | 403 | |
| Use ability | 68 | |
1306 total
» units
| Peasant | 34 | |
| Footman | 5 | |
| Gryphon Rider | 12 | |
| Flying Machine | 26 | |
| Sorceress | 3 | |
| Goblin Shredder | 1 | |
| Knight | 8 | |
| Troll Batrider | 2 | |
91 total
» upgrades
| Defend | 1 | |
| Swords | 3 | |
| Plating | 3 | |
| Masonry | 3 | |
| Lumber Harvesting | 2 | |
| Gunpowder | 3 | |
| Flying Machine Bombs | 1 | |
| Storm Hammers | 1 | |
| Flak Cannons | 1 | |
| Sorceress Training | 2 | |
| Reinforced Defenses | 1 | |
| Armor | 3 | |
| Magic Sentry | 1 | |
| Animal War Training | 1 | |
26 total
» buildings
| Farm | 8 | |
| Altar of Kings | 1 | |
| Barracks | 1 | |
| Scout Tower | 3 | |
| Arcane Tower | 2 | |
| Arcane Vault | 1 | |
| Town Hall | 5 | |
| Blacksmith | 1 | |
| Keep | 2 | |
| Lumber Mill | 1 | |
| Castle | 1 | |
| Gryphon Aviary | 2 | |
| Workshop | 1 | |
| Arcane Sanctum | 1 | |
| Guard Tower | 1 | |
31 total
» build order
00:14 Farm
00:17 Altar of Kings
00:55 Barracks
01:25 Farm
02:00 Scout Tower
02:05 Farm
02:27 Arcane Tower
02:53 Arcane Vault
04:05 Town Hall
04:23 Blacksmith
05:13 Keep
05:42 Lumber Mill
07:47 Castle
08:18 Gryphon Aviary
08:22 Gryphon Aviary
09:41 Farm
10:24 Workshop
10:32 Farm
11:19 Farm
11:39 Arcane Sanctum
20:38 Town Hall
20:41 Keep
20:46 Farm
20:48 Farm
21:44 Town Hall
23:00 Town Hall
24:16 Town Hall
25:16 Scout Tower
25:46 Arcane Tower
25:47 Scout Tower
26:20 Guard Tower
» items
| Scroll of Regeneration | 3 | |
| Potion of Healing | 2 | |
| Scroll of Town Portal | 4 | |
| Potion of Mana | 1 | |
| Lesser Clarity Potion | 1 | |
11 total
sunshine27 (
yellow | 18 APM | 588 actions | 33:24)
4 Firelord
2 Summon Lava Spawn
2 Incinerate
» actions
| Basic commands | 26 | |
| Build / train | 75 | |
| Enter build submenu | 24 | |
| Enter hero's abilities submenu | 4 | |
| Give item / drop item | 1 | |
| Right click | 146 | |
| Select / deselect | 250 | |
| Use ability | 62 | |
588 total
» units
| Peasant | 10 | |
| Footman | 10 | |
| Knight | 17 | |
| Flying Machine | 9 | |
46 total
» upgrades
| Lumber Harvesting | 1 | |
| Swords | 1 | |
| Animal War Training | 1 | |
| Plating | 1 | |
| Flak Cannons | 1 | |
| Gunpowder | 1 | |
6 total
» buildings
| Altar of Kings | 1 | |
| Farm | 12 | |
| Barracks | 2 | |
| Lumber Mill | 1 | |
| Keep | 1 | |
| Arcane Vault | 1 | |
| Blacksmith | 2 | |
| Castle | 1 | |
| Workshop | 2 | |
23 total
» build order
00:25 Altar of Kings
00:26 Farm
01:18 Barracks
01:47 Farm
02:51 Farm
03:21 Lumber Mill
03:31 Farm
04:43 Farm
04:52 Keep
06:03 Farm
06:07 Arcane Vault
06:43 Farm
06:49 Blacksmith
07:42 Castle
07:46 Farm
08:49 Farm
09:34 Farm
09:38 Barracks
10:17 Blacksmith
11:41 Farm
19:59 Workshop
20:02 Workshop
21:52 Farm
» items
| Scroll of Protection | 1 | |
| Potion of Lesser Invulnerability | 1 | |
| Staff of Teleportation | 1 | |
| Scroll of Regeneration | 2 | |
| Scroll of Town Portal | 1 | |
| Lesser Clarity Potion | 6 | |
| Orb of Fire | 1 | |
| Potion of Healing | 1 | |
14 total
Cugel (
blue | 45 APM | 1783 actions | 39:36)
10 Blademaster
3 Wind Walk
3 Critical Strike
1 Bladestorm
3 Mirror Image
» actions
| Assign group hotkey | 39 | |
| Basic commands | 19 | |
| Build / train | 84 | |
| Enter build submenu | 47 | |
| Enter hero's abilities submenu | 10 | |
| Give item / drop item | 2 | |
| Right click | 966 | |
| Select / deselect | 341 | |
| Select group hotkey | 112 | |
| Use ability | 163 | |
1783 total
» units
| Peon | 8 | |
| Grunt | 4 | |
| Goblin Shredder | 1 | |
| Goblin Zeppelin | 2 | |
| Troll Batrider | 4 | |
| Wind Rider | 14 | |
| Green Dragon | 2 | |
35 total
» upgrades
| Armor | 3 | |
| Ranged Weapons | 3 | |
| Reinforced Defenses | 1 | |
| Envenomed Spears | 1 | |
| Liquid Fire | 1 | |
| Troll Regeneration | 1 | |
| Ensnare | 1 | |
11 total
» buildings
| Orc Burrow | 5 | |
| Altar of Storms | 1 | |
| Barracks | 1 | |
| Voodoo Lounge | 2 | |
| Stronghold | 1 | |
| War Mill | 1 | |
| Great Hall | 2 | |
| Fortress | 1 | |
| Watch Tower | 46 | |
| Beastiary | 4 | |
64 total
» build order
00:07 Orc Burrow
01:03 Orc Burrow
01:05 Altar of Storms
01:06 Barracks
01:40 Voodoo Lounge
02:51 Stronghold
04:19 War Mill
04:45 Great Hall
04:57 Orc Burrow
06:15 Fortress
07:52 Watch Tower
07:53 Watch Tower
07:53 Watch Tower
07:53 Watch Tower
08:38 Watch Tower
08:39 Watch Tower
08:39 Watch Tower
08:40 Watch Tower
08:41 Watch Tower
11:57 Beastiary
11:57 Beastiary
11:58 Beastiary
12:26 Beastiary
15:42 Watch Tower
15:42 Watch Tower
15:43 Watch Tower
15:44 Watch Tower
15:45 Watch Tower
15:49 Watch Tower
15:49 Watch Tower
15:51 Watch Tower
15:52 Watch Tower
15:56 Watch Tower
15:57 Watch Tower
15:57 Watch Tower
15:58 Watch Tower
15:59 Watch Tower
15:59 Watch Tower
26:34 Watch Tower
26:34 Watch Tower
26:34 Watch Tower
26:34 Watch Tower
26:35 Watch Tower
27:43 Watch Tower
27:44 Watch Tower
27:44 Watch Tower
27:44 Watch Tower
27:45 Watch Tower
34:14 Great Hall
34:18 Watch Tower
34:19 Watch Tower
34:19 Watch Tower
34:20 Watch Tower
34:20 Watch Tower
34:21 Watch Tower
34:21 Watch Tower
34:21 Watch Tower
34:22 Watch Tower
34:23 Watch Tower
34:23 Watch Tower
34:23 Watch Tower
34:26 Voodoo Lounge
35:18 Orc Burrow
35:19 Orc Burrow
» items
| Healing Salve | 5 | |
| Scroll of Town Portal | 3 | |
| Potion of Healing | 4 | |
| Potion of Mana | 5 | |
| Lesser Clarity Potion | 4 | |
| Orb of Lightning | 1 | |
| Scroll of Regeneration | 1 | |
| Tiny Great Hall | 1 | |
| Periapt of Vitality | 1 | |
25 total

»
Hazelthorp (
teal | 55 APM | 960 actions | 17:23)
4 Blademaster
2 Wind Walk
2 Critical Strike
» actions
| Assign group hotkey | 16 | |
| Basic commands | 1 | |
| Build / train | 63 | |
| Enter build submenu | 24 | |
| Enter hero's abilities submenu | 4 | |
| Remove unit from queue | 3 | |
| Right click | 430 | |
| Select / deselect | 276 | |
| Select group hotkey | 24 | |
| Use ability | 119 | |
960 total
» units
| Peon | 15 | |
| Grunt | 7 | |
| Troll Batrider | 12 | |
34 total
» upgrades
| Melee Weapons | 2 | |
| Armor | 2 | |
| Berserker Strength | 1 | |
| Pillage | 1 | |
| Ranged Weapons | 2 | |
| Troll Regeneration | 1 | |
| Liquid Fire | 1 | |
10 total
» buildings
| Altar of Storms | 1 | |
| Orc Burrow | 8 | |
| Barracks | 1 | |
| Voodoo Lounge | 1 | |
| War Mill | 2 | |
| Stronghold | 1 | |
| Watch Tower | 2 | |
| Spirit Lodge | 1 | |
| Great Hall | 1 | |
| Beastiary | 2 | |
| Fortress | 1 | |
21 total
» build order
00:55 Altar of Storms
00:57 Orc Burrow
01:00 Barracks
01:50 Orc Burrow
02:02 Voodoo Lounge
02:30 War Mill
02:58 Orc Burrow
04:54 Stronghold
05:32 Watch Tower
06:59 Watch Tower
07:01 Orc Burrow
07:38 Spirit Lodge
08:19 Great Hall
09:01 Beastiary
09:50 Beastiary
10:26 Orc Burrow
11:49 Orc Burrow
12:04 Fortress
12:49 War Mill
12:54 Orc Burrow
14:56 Orc Burrow
» items
| Healing Salve | 4 | |
| Lesser Clarity Potion | 2 | |
| Orb of Lightning | 1 | |
| Potion of Mana | 1 | |
| Potion of Healing | 1 | |
9 total
team 2 (loser)

»
Archimedes (
purple | 71 APM | 2793 actions | 39:35)
6 Mountain King
3 Thunder Clap
2 Bash
1 Avatar
3 Naga Sea Witch
2 Forked Lightning
1 Mana Shield
2 Blademaster
1 Wind Walk
1 Critical Strike
1 Crypt Lord
1 Impale
» actions
| Assign group hotkey | 41 | |
| Basic commands | 168 | |
| Build / train | 80 | |
| Enter build submenu | 26 | |
| Enter hero's abilities submenu | 13 | |
| Give item / drop item | 4 | |
| Remove unit from queue | 9 | |
| Right click | 776 | |
| Select / deselect | 509 | |
| Select group hotkey | 1091 | |
| Use ability | 75 | |
2793 total
» units
| Peasant | 9 | |
| Footman | 6 | |
| Rifleman | 9 | |
| Sorceress | 2 | |
| Gryphon Rider | 7 | |
| Frost Wyrm | 5 | |
| Dragonhawk Rider | 6 | |
44 total
» upgrades
| Defend | 1 | |
| Long Rifles | 1 | |
| Priest Training | 0 | |
2 total
» buildings
| Altar of Kings | 1 | |
| Farm | 10 | |
| Scout Tower | 10 | |
| Barracks | 2 | |
| Lumber Mill | 1 | |
| Arcane Tower | 1 | |
| Blacksmith | 1 | |
| Arcane Vault | 1 | |
| Guard Tower | 1 | |
| Keep | 1 | |
| Arcane Sanctum | 1 | |
| Gryphon Aviary | 1 | |
| Castle | 1 | |
| Town Hall | 1 | |
33 total
» build order
00:23 Altar of Kings
00:36 Farm
00:43 Scout Tower
00:54 Barracks
01:34 Farm
01:50 Lumber Mill
02:03 Farm
02:16 Arcane Tower
02:19 Scout Tower
02:50 Blacksmith
03:04 Arcane Vault
03:30 Farm
04:31 Farm
04:33 Guard Tower
05:38 Keep
07:39 Barracks
08:00 Arcane Sanctum
08:05 Gryphon Aviary
09:25 Farm
09:27 Castle
09:37 Farm
10:42 Farm
13:43 Farm
13:47 Farm
23:03 Town Hall
26:04 Scout Tower
26:04 Scout Tower
26:05 Scout Tower
26:05 Scout Tower
28:12 Scout Tower
28:13 Scout Tower
29:40 Scout Tower
30:59 Scout Tower
» items
| Scroll of Regeneration | 1 | |
| Lesser Clarity Potion | 1 | |
| Periapt of Vitality | 1 | |
| Scroll of Town Portal | 2 | |
| Orb of Fire | 1 | |
6 total
jmerp (
red | 43 APM | 626 actions | 14:42)
2 Blademaster
1 Wind Walk
1 Critical Strike
2 Crypt Lord
1 Impale
1 Spiked Carapace
» actions
| Assign group hotkey | 1 | |
| Basic commands | 27 | |
| Build / train | 65 | |
| Enter build submenu | 22 | |
| Enter hero's abilities submenu | 5 | |
| Give item / drop item | 1 | |
| Right click | 201 | |
| Select / deselect | 241 | |
| Select group hotkey | 15 | |
| Use ability | 48 | |
626 total
» units
| Peon | 9 | |
| Acolyte | 8 | |
| Ghoul | 6 | |
| Gargoyle | 5 | |
| Frost Wyrm | 3 | |
31 total
» upgrades
| Creature Attack | 3 | |
| Creature Carapace | 3 | |
| Freezing Breath | 1 | |
7 total
» buildings
| Altar of Storms | 1 | |
| Orc Burrow | 2 | |
| Altar of Darkness | 1 | |
| Ziggurat | 8 | |
| Voodoo Lounge | 1 | |
| Crypt | 2 | |
| Graveyard | 1 | |
| Nerubian Tower | 1 | |
| Halls of the Dead | 1 | |
| Spirit Tower | 7 | |
| Stronghold | 1 | |
| Sacrificial Pit | 1 | |
| Black Citadel | 1 | |
| Fortress | 1 | |
| Boneyard | 3 | |
32 total
» build order
00:17 Altar of Storms
00:19 Orc Burrow
00:31 Altar of Darkness
00:34 Ziggurat
01:23 Orc Burrow
01:36 Voodoo Lounge
01:52 Ziggurat
01:56 Crypt
02:09 Graveyard
02:50 Ziggurat
02:55 Nerubian Tower
03:21 Ziggurat
03:38 Halls of the Dead
04:10 Spirit Tower
04:11 Spirit Tower
04:18 Crypt
04:19 Spirit Tower
05:46 Ziggurat
06:18 Stronghold
06:41 Sacrificial Pit
07:06 Black Citadel
08:03 Ziggurat
09:12 Fortress
09:22 Spirit Tower
09:30 Boneyard
09:34 Boneyard
09:38 Boneyard
09:45 Ziggurat
11:16 Spirit Tower
11:27 Spirit Tower
11:31 Ziggurat
13:20 Spirit Tower
» items
| Healing Salve | 3 | |
| Lesser Clarity Potion | 4 | |
| Circlet of Nobility | 1 | |
| Orb of Lightning | 1 | |
9 total
Uuauauauauauaua (
pink | 122 APM | 4844 actions | 39:35)
8 Blademaster
3 Wind Walk
3 Critical Strike
1 Bladestorm
1 Mirror Image
7 Shadow Hunter
3 Hex
3 Healing Wave
1 Big Bad Voodoo
6 Goblin Alchemist
2 Chemical Rage
3 Acid Bomb
1 Transmute
» actions
| Assign group hotkey | 93 | |
| Basic commands | 429 | |
| Build / train | 152 | |
| ESC pressed | 15 | |
| Enter build submenu | 52 | |
| Enter hero's abilities submenu | 21 | |
| Give item / drop item | 7 | |
| Remove unit from queue | 2 | |
| Right click | 1421 | |
| Select / deselect | 739 | |
| Select group hotkey | 1599 | |
| Use ability | 312 | |
4844 total
» units
| Peon | 15 | |
| Grunt | 3 | |
| Goblin Shredder | 1 | |
| Kodo Beast | 2 | |
| Troll Headhunter/Berserker | 4 | |
| Raider | 2 | |
| Shaman | 5 | |
| Troll Witch Doctor | 4 | |
| Goblin Zeppelin | 2 | |
| Green Dragon | 2 | |
| Spirit Walker | 3 | |
| Acolyte | 1 | |
44 total
» upgrades
| Armor | 3 | |
| Berserker Strength | 1 | |
| Pillage | 1 | |
| Reinforced Defenses | 1 | |
| Spiked Barricades | 2 | |
| War Drums Damage Increase | 1 | |
| Berserker Upgrade | 1 | |
| Ranged Weapons | 3 | |
| Troll Regeneration | 1 | |
| Ensnare | 1 | |
| Shaman Training | 2 | |
| Witch Doctor Training | 2 | |
| Spirit Walker Training | 2 | |
| Melee Weapons | 3 | |
24 total
» buildings
| Orc Burrow | 7 | |
| Altar of Storms | 1 | |
| Barracks | 3 | |
| Voodoo Lounge | 2 | |
| Stronghold | 3 | |
| Great Hall | 4 | |
| War Mill | 1 | |
| Watch Tower | 26 | |
| Fortress | 2 | |
| Beastiary | 2 | |
| Spirit Lodge | 2 | |
53 total
» build order
00:31 Orc Burrow
00:34 Altar of Storms
01:05 Barracks
01:22 Voodoo Lounge
01:26 Orc Burrow
01:52 Voodoo Lounge
02:17 Orc Burrow
03:56 Stronghold
03:56 Stronghold
03:57 Stronghold
04:30 Great Hall
04:50 War Mill
06:27 Watch Tower
07:24 Fortress
07:24 Fortress
07:37 Beastiary
07:40 Watch Tower
09:25 Watch Tower
09:27 Watch Tower
10:28 Watch Tower
13:08 Watch Tower
13:09 Watch Tower
13:10 Watch Tower
13:15 Watch Tower
13:16 Watch Tower
14:46 Orc Burrow
14:46 Orc Burrow
14:48 Orc Burrow
15:44 Beastiary
15:46 Spirit Lodge
15:50 Spirit Lodge
16:57 Barracks
17:00 Barracks
20:27 Orc Burrow
22:57 Great Hall
23:01 Watch Tower
23:01 Watch Tower
23:02 Watch Tower
23:03 Watch Tower
23:46 Watch Tower
23:48 Watch Tower
23:51 Watch Tower
25:59 Great Hall
28:22 Watch Tower
28:22 Watch Tower
32:59 Watch Tower
33:00 Watch Tower
33:01 Watch Tower
33:02 Watch Tower
33:30 Great Hall
33:33 Watch Tower
33:34 Watch Tower
33:35 Watch Tower
» items
| Healing Salve | 5 | |
| Boots of Speed | 2 | |
| Scroll of Town Portal | 5 | |
| Lesser Clarity Potion | 8 | |
| Orb of Lightning | 2 | |
| Periapt of Vitality | 2 | |
| Potion of Lesser Invulnerability | 2 | |
| Circlet of Nobility | 2 | |
| Scroll of Protection | 1 | |
| Potion of Mana | 5 | |
| Potion of Healing | 2 | |
36 total

»
sulidor (
green | 0 APM | 0 actions | 00:04)
Chat log
(00:04 / All) Uuauauauauauaua: great start
(00:06 / All) sunshine27: chill out angry gamers
(00:07 / All) Hazelthorp: do they still give 1000 free hours?
(00:09 / All) Archimedes: I'd say 3/5 games are a fucking waste of time
(00:39 / All) sunshine27: save your energy for the game
(00:49 / All) Uuauauauauauaua: does it take you a lot of energy to call someone a hacker
(00:54 / All) sunshine27: lol
(00:58 / All) Uuauauauauauaua: I don't get tired that easily personally
(01:08 / All) Hazelthorp: im exhausted
(01:08 / Allies) ZipHub: they will rush
(01:09 / All) Hazelthorp: already
(01:13 / All) sunshine27: save your energy for lemonade
(01:17 / All) Uuauauauauauaua: going to need a nap from all this typing
(01:18 / All) Uuauauauauauaua: same teal
(01:25 / All) Hazelthorp: see yall
(01:26 / All) Hazelthorp: im sleep
(01:36 / Allies) sunshine27: night night
(01:43 / Allies) Hazelthorp: we rushin?
(01:53 / Allies) sunshine27: i thought you leaving teal?
(01:56 / Allies) Hazelthorp: bruh
(02:13 / Allies) sunshine27: whatver..im in for rush
(02:28 / Allies) Cugel: gonna cc
(02:32 / Allies) Hazelthorp: aight
(02:34 / Allies) Hazelthorp: cc it is
(02:37 / Allies) sunshine27: k cc
(02:44 / Allies) sunshine27: cc is better
(03:05 / Allies) sunshine27: rush is for suckies that want easy wins
(03:49 / All) sunshine27: cool hint: dont count your chicks before they hatch
(03:59 / All) Hazelthorp: YEAH
(04:49 / Allies) sunshine27: im going melee
(05:31 / All) sunshine27: burn pink
(05:38 / Allies) Hazelthorp: we should attack
(05:39 / Allies) Hazelthorp: prob
(05:47 / All) sunshine27: burn baby
(06:13 / Allies) sunshine27: lol
(06:25 / Allies) sunshine27: nice
(06:53 / Allies) Hazelthorp: they have no units
(07:09 / Allies) sunshine27: k im ready for whatever
(07:14 / Allies) sunshine27: just lead the way
(07:20 / Allies) Hazelthorp: split
(07:20 / Allies) Hazelthorp: come
(07:52 / Allies) Hazelthorp: or nah
(07:55 / Allies) Hazelthorp: ok
(08:00 / Allies) sunshine27: what
(08:18 / Allies) sunshine27: ill hit and run bottom
(08:33 / Allies) Hazelthorp: nm
(08:34 / Allies) Hazelthorp: he has gargs
(10:08 / Allies) Hazelthorp: reds just feeding
(10:08 / Allies) Hazelthorp: lmao
(10:34 / Allies) sunshine27: I HATE THIS MAP...WOOD IS SO LIMITED
(13:12 / Allies) sunshine27: meet soon?
(13:22 / Allies) Hazelthorp: sure
(13:36 / Allies) sunshine27: let's win
(13:40 / Allies) Hazelthorp: yes
(14:01 / Allies) sunshine27: bats that shit up lol
(14:08 / Allies) Hazelthorp: soon
(14:42 / Allies) sunshine27: green is coming for you teal
(15:13 / Allies) sunshine27: nice
(15:17 / Allies) Hazelthorp: theyre hitting me
(16:19 / Allies) sunshine27: help?
(16:43 / All) Cugel: whoops no man
(16:45 / All) Cugel: A
(17:00 / Allies) sunshine27: lost all my knights
(17:04 / Allies) sunshine27: how can that be
(17:08 / Allies) Hazelthorp: idk why yall attacked seperate lol
(17:20 / Allies) Hazelthorp: oh blue has 4k gold
(17:21 / Allies) Hazelthorp: we got cucked
(17:22 / Allies) Hazelthorp: see ya
(17:25 / Allies) ZipHub: burrow
(17:30 / All) Uuauauauauauaua: 2v4 lol
(23:00 / Allies) sunshine27: meet?
(27:52 / All) Cugel: came to the worng neighborhood, muthafucka
(28:27 / All) Cugel: had two grunts I forgot about
(28:48 / Allies) sunshine27: he's got plenty of gold
(29:47 / Allies) ZipHub: give me gold blue
(30:50 / Allies) ZipHub: blue r, u there
(30:52 / Allies) ZipHub: give me golds
(31:56 / Allies) sunshine27: dont look like we are gonna make it
(32:10 / All) sunshine27: lol
(32:24 / All) sunshine27: no time to react..died too quickly
(32:37 / Allies) ZipHub: give me gold blue
(33:19 / All) sunshine27: well i cant do nothing now..no hero no gold no nothing
(33:52 / All) Uuauauauauauaua: lol
(33:55 / All) Uuauauauauauaua: wow
(33:59 / All) Uuauauauauauaua: I raped your whole team
(33:59 / All) Cugel: lawl
(34:06 / All) Uuauauauauauaua: alchemist is really underrated in 4v4
(34:12 / All) Uuauauauauauaua: good for orc, really fast like blademaster
(34:25 / All) Uuauauauauauaua: Alright purp listen up
(34:29 / All) Uuauauauauauaua: me and blue were in this together
(34:31 / All) Uuauauauauauaua: he's getting this win
(34:32 / All) Cugel: yellow whined for gold
(34:34 / All) Uuauauauauauaua: he needs an icon bad
(34:36 / All) Cugel: for last 20 minutes
(34:43 / All) Uuauauauauauaua: understand purp?
(34:50 / All) Uuauauauauauaua: Leave now so blue can get a win for his icon
(34:55 / All) Uuauauauauauaua: or I can kill all your buildings instead
(36:12 / All) Uuauauauauauaua: hate when I accidentally fuck up control groups and then lose units
(36:18 / All) Uuauauauauauaua: was wondering where my dragon went and it was in my base
(36:25 / All) Uuauauauauauaua: I was chasing oj am and must have hit the wrong key
(36:27 / All) Uuauauauauauaua: had to redo them all
(36:55 / All) Uuauauauauauaua: Blue is my friend
(36:57 / All) Uuauauauauauaua: he gets the win
(36:59 / All) Uuauauauauauaua: he needs an icon
(37:02 / All) Uuauauauauauaua: this was just a smurf to help him
(37:04 / All) Uuauauauauauaua: he wants to join a clan
(37:11 / All) Cugel: I need wins for my first icon
(37:24 / All) Uuauauauauauaua: He's new to WC3 just leave and give him his win